Heat vs IceHogs

Created - 2 mars 2025 at 08:09

Goals
1 2 3 T
Heat 0 2 2 4
IceHogs 1 4 1 6
Shots
1 2 3 T
Heat 0 6 10 16
IceHogs 8 18 11 37

GoalsPenalties
1st period
1. IceHogs , Jean-Sébastien Dea 14 (Joël Teasdale 1, Mavrik Bourque 24) at 16:07
No Penalty
2nd period
2. IceHogs , Luke Johnson 1 (Ondrej Pavel 1) at 2:59
3. IceHogs , Mavrik Bourque 16 (Bogdan Trineyev 9) at 6:38
4. IceHogs , Brad Hunt 8 (John Beecher 9, Samuel Bolduc 17) at 6:53
5. IceHogs , John Beecher 13 (Brad Hunt 15, Andrew Agozzino 21) at 11:04 (PP)
6. Heat , Filip Hallander 8 (Mackie Samoskevich 24) at 16:32 (PP)
7. Heat , Olen Zellweger 3 (Hudson Elynuik 6) at 17:25 (PP)
Hunter Drew (CAL) for Tripping (Minor) at 10:51
Mavrik Bourque (CHI) for Roughing (Minor) at 16:28
Andrew Agozzino (CHI) for High sticking (Minor) at 16:52
3rd period
8. IceHogs , John Beecher 14 (Grigori Denisenko 10, Brad Hunt 16) at 5:15 (PP)
9. Heat , Mackie Samoskevich 17 (Filip Hallander 15, Olen Zellweger 13) at 7:59
10. Heat , Hudson Elynuik 9 (Casey Fitzgerald 29, Filip Hallander 16) at 19:59
Mavrik Bourque (CHI) for Cross-checking (Minor) at 0:38
Jayden Grubbe (CAL) for Tripping (Minor) at 5:01
Luke Johnson (CHI) for Fighting (Major) at 7:39
Casey Fitzgerald (CAL) for Fighting (Major) at 7:39
Brad Hunt (CHI) for Delaying the game (Minor) at 9:36
Goalie Stats
Dylan Wells (CAL), 16 saves from 18 shots - (0,889), L, 0-3-2, 33:07 minutes
Henrik Tikkanen (CAL), 15 saves from 19 shots - (0,789), 26:53 minutes
Cory Schneider (CHI), 12 saves from 16 shots - (0,750), W, 6-8-5, 60:00 minutes
3 StarsOfficial
1 - John Beecher (CHI)
2 - Brad Hunt (CHI)
3 - Filip Hallander (CAL)
Referees : Anniina Nurmi and François St-Laurent
Linesman : Daniel Negreanu and Jean-Luc Grand-Pierre
Game Note
Dylan Wells enters game at 6:53 of 2nd period
Luke Johnson beats up Casey Fitzgerald at 7:39 of 3rd period



Team Name Goals Shots Shots Attemp Shots Blocked PIM HIT PP PK FO%
Heat 4162789152 / 4 (50%)242%
IceHogs 63776213302 / 2 (100%)258%

Heat
Player Name POS G A P +/- PIM HIT SHT SB MP PP MP PP SHT PK MP PK SHT FO% FOT GA TA
Adam FantilliC000-1000121:450:3500:00010% 1000
Adam SykoraLW/RW000-1020016:411:1200:0000% 000
Adam WilsbyD000000000:000:0000:0000% 000
Ben KingC000-2011013:570:1300:0000% 000
Casey FitzgeraldD0110500021:371:4900:2700% 001
Daniil MisyulD0000000115:232:0600:0000% 001
Dmitri SamorukovD0000000011:390:5600:0000% 000
Filip HallanderC1230003025:102:4020:27058% 3111
Henry ThrunD000-2000117:550:0000:0000% 001
Hudson ElynuikC/LW/RW1121022021:562:4000:0000% 111
Hunter DrewRW000-1220121:561:4200:0000% 101
Ilya SolovyovD0000000210:060:0000:0000% 000
Jacob MoverareD000000000:260:0000:0000% 000
Jayden GrubbeC000-120004:470:0000:0000% 100
Keaton MiddletonD000-2010019:281:2400:0000% 001
Mackie SamoskevichRW1120044025:192:4800:27029% 700
Olen ZellwegerD1120014229:463:0820:2700% 002
Sasha PastujovLW/RW000-1022021:391:4200:00050% 200
IceHogs
Player Name POS G A P +/- PIM HIT SHT SB MP PP MP PP SHT PK MP PK SHT FO% FOT GA TA
Adam EdstromC/LW0001011011:340:0001:12067% 310
Andrew AgozzinoC/LW0110203020:530:2702:300100% 110
Bogdan TrineyevRW0110031014:200:0000:0000% 000
Brad HuntD1231236026:430:2701:3500% 011
Cameron GaunceD0002010013:420:0000:2200% 000
Grigori DenisenkoLW/RW0110031118:500:2700:0000% 030
Ivan IvanC/LW/RW0000001016:050:0001:451100% 100
Jean-Sébastien DeaC1011012012:190:0000:00040% 500
Joël TeasdaleLW0111020012:190:0000:0000% 010
John BeecherC2130025021:210:2722:56052% 3300
Luke JohnsonC/LW/RW101152109:530:0000:0000% 000
Matthew StienburgC/RW0001032012:350:0000:1600% 000
Mavrik BourqueC1120425014:470:0000:28080% 1000
Nikolas BrouillardD000-1011019:270:0002:2500% 010
Ondrej PavelC/LW/RW0111032010:240:0000:0300% 000
Sam MalinskiD000-1012018:210:0001:1110% 011
Samuel BolducD0111024127:570:2713:0210% 000
Tommy CrossD0002000013:500:0000:3500% 000

Heat

5 vs 5 Forward
Line #Left WingCenterRight WingPHYDFOFWanted %Time %Time Play
1Hudson ElynuikFilip HallanderMackie Samoskevich1224033%18:20
2Sasha PastujovAdam FantilliHunter Drew1223037%20:04
3Adam SykoraFilip HallanderMackie Samoskevich1222015%8:30
4Filip HallanderMackie SamoskevichBen King1221015%8:04
5 vs 5 Defense
Line #DefenseDefensePHYDFOFWanted %Time %Time Play
1Olen ZellwegerCasey Fitzgerald1224034%18:52
2Keaton MiddletonHenry Thrun1223033%18:19
3Dmitri SamorukovOlen Zellweger1222014%7:41
4Ilya SolovyovDaniil Misyul1221018%10:06
Power Play Forward
Line #Left WingCenterRight WingPHYDFOFWanted %Time %Time Play
1Hudson ElynuikFilip HallanderMackie Samoskevich1226063%2:53
2Sasha PastujovMackie SamoskevichHunter Drew1224037%1:42
Power Play Defense
Line #DefenseDefensePHYDFOFWanted %Time %Time Play
1Olen ZellwegerCasey Fitzgerald1226083%3:48
2Keaton MiddletonOlen Zellweger1224017%0:47
Penalty Kill 4 Players Forward
Line #CenterWingPHYDFOFWanted %Time %Time Play
1Mackie SamoskevichFilip Hallander12260100%0:27
2Filip HallanderMackie Samoskevich122400%0:00
Penalty Kill 4 Players Defense
Line #DefenseDefensePHYDFOFWanted %Time %Time Play
1Olen ZellwegerCasey Fitzgerald12260100%0:27
2Keaton MiddletonOlen Zellweger122400%0:00
Penalty Kill 3 Players
Line #WingPHYDFOFWanted %Time %Time PlayDefenseDefensePHYDFOFWanted %Time %Time Play
1Mackie Samoskevich122600%0:00 Olen ZellwegerCasey Fitzgerald122600%0:00
2Filip Hallander122400%0:00 Keaton MiddletonCasey Fitzgerald122400%0:00
4 vs 4 Forward
Line #CenterWingPHYDFOFWanted %Time %Time Play
1Mackie SamoskevichFilip Hallander122600%0:00
2Mackie SamoskevichFilip Hallander122400%0:00
4 vs 4 Defense
Line #DefensePHYDFOFWanted %Time %Time Play
1Olen ZellwegerCasey Fitzgerald122600%0:00
2Keaton MiddletonCasey Fitzgerald122400%0:00
Last Minutes Offensive
Left WingCenterRight WingDefenseDefense
Hudson ElynuikFilip HallanderMackie SamoskevichOlen ZellwegerCasey Fitzgerald
Last Minutes Defensive
Left WingCenterRight WingDefenseDefense
Hudson ElynuikFilip HallanderMackie SamoskevichOlen ZellwegerCasey Fitzgerald
Time
Total ForwardTotal DefenseLast Minutes OffensiveLast Minutes Defensive
60:00 60:00 0:000:00
Extra Forwards
Normal PowerPlayPenalty Kill
Filip Hallander, Adam Sykora, Hunter DrewMackie Samoskevich, Adam SykoraHunter Drew
Extra Defensemen
Normal PowerPlayPenalty Kill
Casey Fitzgerald, Dmitri Samorukov, Olen ZellwegerOlen Zellweger, Dmitri SamorukovOlen Zellweger
Penalty Shots
Mackie Samoskevich, Filip Hallander, Hudson Elynuik, Adam Sykora, Hunter Drew
Goalie
Henrik Tikkanen, Dylan Wells
Scratches
Bradley Marek (Healthy), Connor McClennon (Healthy), Chase Pearson (Healthy), Jacob Gaucher (Healthy), Lucas Ciona (Healthy) Luke Philp (Healthy), Tye Felhaber (Healthy), Curtis Hall (Healthy), Greg Printz (Healthy), Luka Burzan (Healthy) Eemil Viro (Healthy), Tyson Kozak (Healthy), Cam Johnson (Healthy), Isaiah Saville (Healthy), Dylan St. Cyr (Healthy)

IceHogs

5 vs 5 Forward
Line #Left WingCenterRight WingPHYDFOFWanted %Time %Time Play
1Andrew AgozzinoJohn BeecherGrigori Denisenko0234033%17:58
2Ivan IvanMavrik BourqueBogdan Trineyev0233026%14:20
3Joël TeasdaleJean-Sébastien DeaMatthew Stienburg0322022%12:19
4Ondrej PavelAdam EdstromLuke Johnson0321019%10:21
5 vs 5 Defense
Line #DefenseDefensePHYDFOFWanted %Time %Time Play
1Brad HuntSamuel Bolduc0324039%21:19
2Sam MalinskiNikolas Brouillard0323031%17:10
3Tommy CrossCameron Gaunce0322024%13:06
4Brad HuntSamuel Bolduc032106%3:23
Power Play Forward
Line #Left WingCenterRight WingPHYDFOFWanted %Time %Time Play
1Andrew AgozzinoJohn BeecherGrigori Denisenko12260100%0:27
2Ivan IvanMavrik BourqueBogdan Trineyev122400%0:00
Power Play Defense
Line #DefenseDefensePHYDFOFWanted %Time %Time Play
1Brad HuntSamuel Bolduc12260100%0:27
2Sam MalinskiNikolas Brouillard122400%0:00
Penalty Kill 4 Players Forward
Line #CenterWingPHYDFOFWanted %Time %Time Play
1John BeecherAndrew Agozzino1226084%3:50
2Mavrik BourqueIvan Ivan1224016%0:45
Penalty Kill 4 Players Defense
Line #DefenseDefensePHYDFOFWanted %Time %Time Play
1Brad HuntSamuel Bolduc1226074%3:24
2Sam MalinskiNikolas Brouillard1224026%1:11
Penalty Kill 3 Players
Line #WingPHYDFOFWanted %Time %Time PlayDefenseDefensePHYDFOFWanted %Time %Time Play
1John Beecher122600%0:00 Brad HuntSamuel Bolduc122600%0:00
2Mavrik Bourque122400%0:00 Sam MalinskiNikolas Brouillard122400%0:00
4 vs 4 Forward
Line #CenterWingPHYDFOFWanted %Time %Time Play
1John BeecherAndrew Agozzino122600%0:00
2Mavrik BourqueIvan Ivan122400%0:00
4 vs 4 Defense
Line #DefensePHYDFOFWanted %Time %Time Play
1Brad HuntSamuel Bolduc122600%0:00
2Sam MalinskiNikolas Brouillard122400%0:00
Last Minutes Offensive
Left WingCenterRight WingDefenseDefense
Andrew AgozzinoJohn BeecherGrigori DenisenkoBrad HuntSamuel Bolduc
Last Minutes Defensive
Left WingCenterRight WingDefenseDefense
Andrew AgozzinoJohn BeecherGrigori DenisenkoBrad HuntSamuel Bolduc
Time
Total ForwardTotal DefenseLast Minutes OffensiveLast Minutes Defensive
60:00 60:00 0:000:00
Extra Forwards
Normal PowerPlayPenalty Kill
Ivan Ivan, Grigori Denisenko, Bogdan TrineyevIvan Ivan, Grigori DenisenkoIvan Ivan
Extra Defensemen
Normal PowerPlayPenalty Kill
Nikolas Brouillard, Tommy Cross, Cameron GaunceNikolas Brouillard, Nikolas BrouillardTommy Cross
Penalty Shots
John Beecher, Andrew Agozzino, Mavrik Bourque, Jean-Sébastien Dea, Ivan Ivan
Goalie
Cory Schneider, Aaron Dell
Scratches
Josh Wesley (Healthy), Anthony Bitetto (Healthy), Riley Tufte (Healthy), Dylan McLaughlin (Healthy), Luke Stevens (Healthy) Zach Jordan (Healthy), Graham McPhee (Healthy), Isaac Johnson (Healthy), Samuel Dove-McFalls (Healthy), Chris Ortiz (Healthy) Daniil Zhuravlyov (Healthy), Zach O'Brien (Healthy), John Lethemon (Healthy)


Play-by-Play

1st period


0:01 of 1st period - Filip Hallander wins face-off versus John Beecher in neutral zone.
0:16 of 1st period - Slapshot by Brad Hunt.
0:16 of 1st period - Stopped by Henrik Tikkanen without a rebound.
0:17 of 1st period - Mavrik Bourque wins face-off versus Adam Fantilli in Heat zone.
0:24 of 1st period - Wrist shot by Mavrik Bourque.
0:24 of 1st period - Shot Misses the Net.
0:47 of 1st period - Snap shot by Filip Hallander.
0:47 of 1st period - Shot Misses the Net.
1:21 of 1st period - Mackie Samoskevich is hit by John Beecher and loses puck.
1:36 of 1st period - Snap shot by Mavrik Bourque.
1:36 of 1st period - Shot Misses the Net.
1:54 of 1st period - Adam Sykora is hit by Ondrej Pavel and loses puck.
1:59 of 1st period - Snap shot by Ondrej Pavel.
1:59 of 1st period - Stopped by Henrik Tikkanen with a rebound.
2:41 of 1st period - Slapshot by Andrew Agozzino.
2:41 of 1st period - Shot Misses the Net.
2:47 of 1st period - Andrew Agozzino is hit by Keaton Middleton and loses puck.
4:51 of 1st period - Dmitri Samorukov is hit by Joël Teasdale.
4:52 of 1st period - Icing by Dmitri Samorukov.
4:53 of 1st period - Filip Hallander wins face-off versus Jean-Sébastien Dea in Heat zone.
5:04 of 1st period - Wrist shot by Brad Hunt.
5:04 of 1st period - Stopped by Henrik Tikkanen with a rebound.
5:06 of 1st period - Wrist shot by Samuel Bolduc.
5:06 of 1st period - Shot Blocked by Daniil Misyul.
5:35 of 1st period - Icing by Brad Hunt.
5:36 of 1st period - Filip Hallander wins face-off versus Jean-Sébastien Dea in IceHogs zone.
6:57 of 1st period - Keaton Middleton is hit by Brad Hunt and loses puck.
8:25 of 1st period - Sasha Pastujov is hit by Nikolas Brouillard and loses puck.
8:38 of 1st period - Wrist shot by Matthew Stienburg.
8:38 of 1st period - Shot Misses the Net.
9:06 of 1st period - Slapshot by Brad Hunt.
9:06 of 1st period - Deflect By Mackie Samoskevich.
9:06 of 1st period - Stopped by Henrik Tikkanen with a rebound.
9:31 of 1st period - Hunter Drew is hit by Bogdan Trineyev and loses puck.
10:04 of 1st period - Snap shot by Joël Teasdale.
10:04 of 1st period - Shot Misses the Net.
10:09 of 1st period - Off-side.
10:10 of 1st period - John Beecher wins face-off versus Jayden Grubbe in neutral zone.
11:29 of 1st period - Samuel Bolduc is hit by Hudson Elynuik and loses puck.
11:48 of 1st period - Brad Hunt is hit by Sasha Pastujov.
12:24 of 1st period - Slapshot by Matthew Stienburg.
12:24 of 1st period - Stopped by Henrik Tikkanen with a rebound.
13:06 of 1st period - Mackie Samoskevich is hit by Luke Johnson.
13:20 of 1st period - Snap shot by Ondrej Pavel.
13:20 of 1st period - Shot Misses the Net.
13:43 of 1st period - Adam Sykora is hit by Joël Teasdale and loses puck.
13:52 of 1st period - Wrist shot by Jean-Sébastien Dea.
13:52 of 1st period - Stopped by Henrik Tikkanen with a rebound.
15:08 of 1st period - Jayden Grubbe is hit by Mavrik Bourque and loses puck.
15:39 of 1st period - Snap shot by Adam Edstrom.
15:39 of 1st period - Shot Misses the Net.
15:41 of 1st period - Snap shot by Ondrej Pavel.
15:41 of 1st period - Shot Misses the Net.
16:07 of 1st period - Snap shot by Jean-Sébastien Dea.
16:07 of 1st period - Goal by Jean-Sébastien Dea - Heat : 0 - IceHogs : 1.
16:08 of 1st period - John Beecher wins face-off versus Filip Hallander in neutral zone.
16:11 of 1st period - Slapshot by Brad Hunt.
16:11 of 1st period - Stopped by Henrik Tikkanen with a rebound.
16:53 of 1st period - Snap shot by Mavrik Bourque.
16:53 of 1st period - Shot Misses the Net.
17:37 of 1st period - Snap shot by Luke Johnson.
17:37 of 1st period - Shot Blocked by Adam Fantilli.
17:39 of 1st period - Slapshot by Sam Malinski.
17:39 of 1st period - Shot Misses the Net.
18:50 of 1st period - Henry Thrun is hit by Ondrej Pavel.
19:06 of 1st period - Snap shot by Mavrik Bourque.
19:06 of 1st period - Shot Misses the Net.
19:08 of 1st period - Slapshot by Cameron Gaunce.
19:08 of 1st period - Shot Blocked by Olen Zellweger.
19:10 of 1st period - Slapshot by Tommy Cross.
19:10 of 1st period - Shot Misses the Net.
19:12 of 1st period - Wrist shot by Ivan Ivan.
19:12 of 1st period - Shot Hit the Post.
Goals for this period are 0 for Heat vs 1 for IceHogs.
Shots for this period are 0 for Heat vs 8 for IceHogs.

2nd period


0:01 of 2nd period - John Beecher wins face-off versus Filip Hallander in neutral zone.
1:28 of 2nd period - Wrist shot by Samuel Bolduc.
1:28 of 2nd period - Stopped by Henrik Tikkanen without a rebound.
1:29 of 2nd period - Adam Edstrom wins face-off versus Filip Hallander in Heat zone.
1:38 of 2nd period - Daniil Misyul is hit by Adam Edstrom and loses puck.
1:51 of 2nd period - Wrist shot by Adam Edstrom.
1:51 of 2nd period - Shot Blocked by Ilya Solovyov.
1:53 of 2nd period - Snap shot by Adam Edstrom.
1:53 of 2nd period - Stopped by Henrik Tikkanen with a rebound.
1:55 of 2nd period - Slapshot by Samuel Bolduc.
1:55 of 2nd period - Deflect By Ondrej Pavel.
1:55 of 2nd period - Shot Misses the Net.
1:55 of 2nd period - Puck is out of play.
1:56 of 2nd period - Filip Hallander wins face-off versus John Beecher in Heat zone.
2:05 of 2nd period - Slapshot by Olen Zellweger.
2:05 of 2nd period - Stopped by Cory Schneider with a rebound.
2:07 of 2nd period - Wrist shot by Filip Hallander.
2:07 of 2nd period - Shot Misses the Net.
2:09 of 2nd period - Slapshot by Casey Fitzgerald.
2:09 of 2nd period - Shot Misses the Net.
2:23 of 2nd period - Adam Fantilli is hit by Bogdan Trineyev and loses puck.
2:50 of 2nd period - Ben King is hit by Ondrej Pavel and loses puck.
2:55 of 2nd period - Snap shot by Luke Johnson.
2:55 of 2nd period - Shot Hit the Post.
2:57 of 2nd period - Wrist shot by Ondrej Pavel.
2:57 of 2nd period - Stopped by Henrik Tikkanen with a rebound.
2:59 of 2nd period - Slapshot by Luke Johnson.
2:59 of 2nd period - Goal by Luke Johnson - Heat : 0 - IceHogs : 2.
3:00 of 2nd period - John Beecher wins face-off versus Adam Fantilli in neutral zone.
3:12 of 2nd period - Wrist shot by Andrew Agozzino.
3:12 of 2nd period - Shot Misses the Net.
3:28 of 2nd period - Slapshot by Brad Hunt.
3:28 of 2nd period - Shot Misses the Net.
3:42 of 2nd period - Wrist shot by Sasha Pastujov.
3:42 of 2nd period - Stopped by Cory Schneider without a rebound.
3:43 of 2nd period - John Beecher wins face-off versus Filip Hallander in IceHogs zone.
3:52 of 2nd period - John Beecher is hit by Mackie Samoskevich and loses puck.
4:48 of 2nd period - Slapshot by John Beecher.
4:48 of 2nd period - Shot Misses the Net.
4:52 of 2nd period - Snap shot by Andrew Agozzino.
4:52 of 2nd period - Stopped by Henrik Tikkanen with a rebound.
5:30 of 2nd period - Snap shot by Brad Hunt.
5:30 of 2nd period - Deflect By Sasha Pastujov.
5:30 of 2nd period - Stopped by Henrik Tikkanen without a rebound.
5:31 of 2nd period - Adam Edstrom wins face-off versus Adam Fantilli in Heat zone.
5:43 of 2nd period - Off-side.
5:44 of 2nd period - John Beecher wins face-off versus Filip Hallander in neutral zone.
6:34 of 2nd period - Snap shot by John Beecher.
6:34 of 2nd period - Deflect By Grigori Denisenko.
6:34 of 2nd period - Stopped by Henrik Tikkanen without a rebound.
6:35 of 2nd period - Mavrik Bourque wins face-off versus Adam Fantilli in Heat zone.
6:36 of 2nd period - Snap shot by Bogdan Trineyev.
6:36 of 2nd period - Stopped by Henrik Tikkanen with a rebound.
6:38 of 2nd period - Wrist shot by Mavrik Bourque.
6:38 of 2nd period - Goal by Mavrik Bourque - Heat : 0 - IceHogs : 3.
6:39 of 2nd period - Filip Hallander wins face-off versus John Beecher in neutral zone.
6:51 of 2nd period - Snap shot by John Beecher.
6:51 of 2nd period - Stopped by Henrik Tikkanen with a rebound.
6:53 of 2nd period - Wrist shot by Brad Hunt.
6:53 of 2nd period - Goal by Brad Hunt - Heat : 0 - IceHogs : 4.
6:53 of 2nd period - Dylan Wells enters game.
6:54 of 2nd period - Filip Hallander wins face-off versus John Beecher in neutral zone.
7:08 of 2nd period - Snap shot by Mackie Samoskevich.
7:08 of 2nd period - Stopped by Cory Schneider with a rebound.
7:26 of 2nd period - Slapshot by Ivan Ivan.
7:26 of 2nd period - Shot Misses the Net.
7:46 of 2nd period - Slapshot by Olen Zellweger.
7:46 of 2nd period - Shot Misses the Net.
8:21 of 2nd period - Hudson Elynuik is hit by Samuel Bolduc.
8:25 of 2nd period - Wrist shot by Mavrik Bourque.
8:25 of 2nd period - Stopped by Dylan Wells with a rebound.
8:37 of 2nd period - Keaton Middleton is hit by John Beecher and loses puck.
8:48 of 2nd period - Keaton Middleton is hit by Grigori Denisenko and loses puck.
9:17 of 2nd period - Hunter Drew is hit by Matthew Stienburg and loses puck.
9:43 of 2nd period - Ben King is hit by Luke Johnson and loses puck.
10:00 of 2nd period - Snap shot by Andrew Agozzino.
10:00 of 2nd period - Stopped by Dylan Wells without a rebound.
10:01 of 2nd period - John Beecher wins face-off versus Mackie Samoskevich in Heat zone.
10:22 of 2nd period - Andrew Agozzino is hit by Hudson Elynuik and loses puck.
10:34 of 2nd period - Snap shot by John Beecher.
10:34 of 2nd period - Stopped by Dylan Wells without a rebound.
10:35 of 2nd period - Mavrik Bourque wins face-off versus Adam Fantilli in Heat zone.
10:38 of 2nd period - Slapshot by Mavrik Bourque.
10:38 of 2nd period - Stopped by Dylan Wells without a rebound.
10:39 of 2nd period - Mavrik Bourque wins face-off versus Hunter Drew in Heat zone.
10:51 of 2nd period - Minor Penalty to Hunter Drew for Tripping.
10:52 of 2nd period - John Beecher wins face-off versus Mackie Samoskevich in Heat zone.
10:54 of 2nd period - Wrist shot by Andrew Agozzino.
10:54 of 2nd period - Shot Misses the Net.
10:56 of 2nd period - Slapshot by Samuel Bolduc.
10:56 of 2nd period - Stopped by Dylan Wells without a rebound.
10:57 of 2nd period - John Beecher wins face-off versus Mackie Samoskevich in Heat zone.
11:04 of 2nd period - Snap shot by John Beecher.
11:04 of 2nd period - Goal by John Beecher - Heat : 0 - IceHogs : 5.
11:05 of 2nd period - Filip Hallander wins face-off versus John Beecher in neutral zone.
11:07 of 2nd period - Off-side.
11:08 of 2nd period - Filip Hallander wins face-off versus John Beecher in neutral zone.
13:15 of 2nd period - Backhand shot by Sam Malinski.
13:15 of 2nd period - Stopped by Dylan Wells with a rebound.
13:33 of 2nd period - Snap shot by Grigori Denisenko.
13:33 of 2nd period - Shot Misses the Net.
14:13 of 2nd period - Wrist shot by Ondrej Pavel.
14:13 of 2nd period - Shot Misses the Net.
14:41 of 2nd period - Wrist shot by John Beecher.
14:41 of 2nd period - Shot Misses the Net.
15:10 of 2nd period - Daniil Misyul is hit by Brad Hunt and loses puck.
15:27 of 2nd period - Slapshot by Samuel Bolduc.
15:27 of 2nd period - Shot Misses the Net.
15:41 of 2nd period - Casey Fitzgerald is hit by Grigori Denisenko and loses puck.
16:28 of 2nd period - Minor Penalty to Mavrik Bourque for Roughing.
16:29 of 2nd period - Filip Hallander wins face-off versus John Beecher in IceHogs zone.
16:32 of 2nd period - Slapshot by Filip Hallander.
16:32 of 2nd period - Goal by Filip Hallander - Heat : 1 - IceHogs : 5.
16:33 of 2nd period - John Beecher wins face-off versus Filip Hallander in neutral zone.
16:36 of 2nd period - Hudson Elynuik is hit by Brad Hunt and loses puck.
16:52 of 2nd period - Minor Penalty to Andrew Agozzino for High sticking.
16:53 of 2nd period - John Beecher wins face-off versus Filip Hallander in IceHogs zone.
17:01 of 2nd period - Olen Zellweger is hit by Samuel Bolduc and loses puck.
17:23 of 2nd period - Slapshot by Olen Zellweger.
17:23 of 2nd period - Stopped by Cory Schneider with a rebound.
17:25 of 2nd period - Snap shot by Olen Zellweger.
17:25 of 2nd period - Goal by Olen Zellweger - Heat : 2 - IceHogs : 5.
17:26 of 2nd period - Filip Hallander wins face-off versus Mavrik Bourque in neutral zone.
17:37 of 2nd period - Wrist shot by Filip Hallander.
17:37 of 2nd period - Shot Misses the Net.
18:26 of 2nd period - Ondrej Pavel is hit by Ben King and loses puck.
18:55 of 2nd period - Snap shot by Andrew Agozzino.
18:55 of 2nd period - Shot Blocked by Ilya Solovyov.
Goals for this period are 2 for Heat vs 4 for IceHogs.
Shots for this period are 6 for Heat vs 18 for IceHogs.

3rd period


0:01 of 3rd period - Filip Hallander wins face-off versus John Beecher in neutral zone.
0:16 of 3rd period - Snap shot by John Beecher.
0:16 of 3rd period - Stopped by Dylan Wells without a rebound.
0:17 of 3rd period - Adam Fantilli wins face-off versus Mavrik Bourque in Heat zone.
0:28 of 3rd period - Snap shot by Hunter Drew.
0:28 of 3rd period - Shot Misses the Net.
0:30 of 3rd period - Snap shot by Sasha Pastujov.
0:30 of 3rd period - Stopped by Cory Schneider with a rebound.
0:32 of 3rd period - Slapshot by Olen Zellweger.
0:32 of 3rd period - Shot Blocked by Samuel Bolduc.
0:38 of 3rd period - Minor Penalty to Mavrik Bourque for Cross-checking.
0:39 of 3rd period - Filip Hallander wins face-off versus John Beecher in IceHogs zone.
2:38 of 3rd period - Penalty to Mavrik Bourque is over, Mavrik Bourque is back on ice.
3:23 of 3rd period - Cameron Gaunce is hit by Mackie Samoskevich.
4:16 of 3rd period - Ivan Ivan is hit by Mackie Samoskevich and loses puck.
5:01 of 3rd period - Minor Penalty to Jayden Grubbe for Tripping.
5:02 of 3rd period - Mackie Samoskevich wins face-off versus John Beecher in Heat zone.
5:09 of 3rd period - Slapshot by Samuel Bolduc.
5:09 of 3rd period - Shot Misses the Net.
5:15 of 3rd period - Wrist shot by John Beecher.
5:15 of 3rd period - Goal by John Beecher - Heat : 2 - IceHogs : 6.
5:16 of 3rd period - Filip Hallander wins face-off versus John Beecher in neutral zone.
5:29 of 3rd period - Wrist shot by Mackie Samoskevich.
5:29 of 3rd period - Shot Blocked by Grigori Denisenko.
5:31 of 3rd period - Wrist shot by Mackie Samoskevich.
5:31 of 3rd period - Stopped by Cory Schneider with a rebound.
5:41 of 3rd period - Brad Hunt is hit by Sasha Pastujov.
5:46 of 3rd period - Off-side.
5:47 of 3rd period - Mavrik Bourque wins face-off versus Sasha Pastujov in neutral zone.
5:58 of 3rd period - Snap shot by Hunter Drew.
5:58 of 3rd period - Deflect By Adam Fantilli.
5:58 of 3rd period - Shot Misses the Net.
5:58 of 3rd period - Puck is out of play.
5:59 of 3rd period - John Beecher wins face-off versus Filip Hallander in IceHogs zone.
6:10 of 3rd period - Slapshot by Mackie Samoskevich.
6:10 of 3rd period - Stopped by Cory Schneider with a rebound.
6:21 of 3rd period - Icing by Samuel Bolduc.
6:22 of 3rd period - Ivan Ivan wins face-off versus Adam Fantilli in IceHogs zone.
6:29 of 3rd period - Slapshot by Mavrik Bourque.
6:29 of 3rd period - Shot Misses the Net.
6:31 of 3rd period - Snap shot by Mavrik Bourque.
6:31 of 3rd period - Stopped by Dylan Wells with a rebound.
6:33 of 3rd period - Slapshot by Samuel Bolduc.
6:33 of 3rd period - Stopped by Dylan Wells without a rebound.
6:34 of 3rd period - John Beecher wins face-off versus Filip Hallander in Heat zone.
7:00 of 3rd period - Ivan Ivan is hit by Hunter Drew.
7:10 of 3rd period - Sasha Pastujov is hit by Bogdan Trineyev and loses puck.
7:25 of 3rd period - Joël Teasdale is hit by Adam Sykora and loses puck.
7:38 of 3rd period - Slapshot by Nikolas Brouillard.
7:38 of 3rd period - Stopped by Dylan Wells without a rebound.
7:39 of 3rd period - Filip Hallander wins face-off versus Adam Edstrom in Heat zone.
7:39 of 3rd period - Luke Johnson beats up Casey Fitzgerald.
7:39 of 3rd period - Penalty to Luke Johnson for Fighting.
7:39 of 3rd period - Penalty to Casey Fitzgerald for Fighting.
7:40 of 3rd period - Filip Hallander wins face-off versus John Beecher in Heat zone.
7:53 of 3rd period - Wrist shot by Filip Hallander.
7:53 of 3rd period - Deflect By Hudson Elynuik.
7:53 of 3rd period - Shot Misses the Net.
7:53 of 3rd period - Puck is out of play.
7:54 of 3rd period - Filip Hallander wins face-off versus John Beecher in IceHogs zone.
7:59 of 3rd period - Snap shot by Mackie Samoskevich.
7:59 of 3rd period - Goal by Mackie Samoskevich - Heat : 3 - IceHogs : 6.
8:00 of 3rd period - John Beecher wins face-off versus Filip Hallander in neutral zone.
8:15 of 3rd period - Samuel Bolduc is hit by Olen Zellweger and loses puck.
8:30 of 3rd period - Sasha Pastujov is hit by Mavrik Bourque and loses puck.
8:37 of 3rd period - Slapshot by Mavrik Bourque.
8:37 of 3rd period - Stopped by Dylan Wells with a rebound.
9:06 of 3rd period - Icing by Joël Teasdale.
9:07 of 3rd period - Mackie Samoskevich wins face-off versus Jean-Sébastien Dea in IceHogs zone.
9:08 of 3rd period - Backhand shot by Hudson Elynuik.
9:08 of 3rd period - Stopped by Cory Schneider without a rebound.
9:09 of 3rd period - Jean-Sébastien Dea wins face-off versus Mackie Samoskevich in IceHogs zone.
9:36 of 3rd period - Minor Penalty to Brad Hunt for Delaying the game.
9:37 of 3rd period - Filip Hallander wins face-off versus John Beecher in IceHogs zone.
9:42 of 3rd period - Wrist shot by Filip Hallander.
9:42 of 3rd period - Stopped by Cory Schneider without a rebound.
9:43 of 3rd period - John Beecher wins face-off versus Hudson Elynuik in IceHogs zone.
10:18 of 3rd period - Slapshot by Tommy Cross.
10:18 of 3rd period - Shot Blocked by Hunter Drew.
10:20 of 3rd period - Slapshot by Samuel Bolduc.
10:20 of 3rd period - Shot Blocked by Olen Zellweger.
10:22 of 3rd period - Slapshot by Samuel Bolduc.
10:22 of 3rd period - Deflect By Daniil Misyul.
10:22 of 3rd period - Stopped by Dylan Wells with a rebound.
10:24 of 3rd period - Snap shot by Ivan Ivan.
10:24 of 3rd period - Stopped by Dylan Wells with a rebound.
10:26 of 3rd period - Snap shot by Sam Malinski.
10:26 of 3rd period - Stopped by Dylan Wells without a rebound.
10:27 of 3rd period - Andrew Agozzino wins face-off versus Filip Hallander in Heat zone.
10:51 of 3rd period - Nikolas Brouillard is hit by Hunter Drew and loses puck.
11:36 of 3rd period - Penalty to Brad Hunt is over, Brad Hunt is back on ice.
11:58 of 3rd period - Wrist shot by Grigori Denisenko.
11:58 of 3rd period - Deflect By Mackie Samoskevich.
11:58 of 3rd period - Shot Misses the Net.
11:58 of 3rd period - Puck is out of play.
11:59 of 3rd period - Mavrik Bourque wins face-off versus Mackie Samoskevich in Heat zone.
12:14 of 3rd period - Keaton Middleton is hit by Matthew Stienburg.
14:07 of 3rd period - Ondrej Pavel is hit by Adam Sykora and loses puck.
15:15 of 3rd period - Icing by Keaton Middleton.
15:16 of 3rd period - John Beecher wins face-off versus Adam Fantilli in Heat zone.
15:17 of 3rd period - Snap shot by Andrew Agozzino.
15:17 of 3rd period - Deflect By Grigori Denisenko.
15:17 of 3rd period - Deflect By Hunter Drew.
15:17 of 3rd period - Shot Misses the Net.
15:17 of 3rd period - Puck is out of play.
15:18 of 3rd period - Filip Hallander wins face-off versus John Beecher in Heat zone.
15:29 of 3rd period - Wrist shot by Mackie Samoskevich.
15:29 of 3rd period - Shot Misses the Net.
16:05 of 3rd period - Filip Hallander is hit by Matthew Stienburg and loses puck.
16:41 of 3rd period - Snap shot by Ivan Ivan.
16:41 of 3rd period - Shot Blocked by Henry Thrun.
16:43 of 3rd period - Snap shot by Bogdan Trineyev.
16:43 of 3rd period - Shot Misses the Net.
17:11 of 3rd period - Keaton Middleton is hit by Sam Malinski and loses puck.
17:46 of 3rd period - Backhand shot by Matthew Stienburg.
17:46 of 3rd period - Stopped by Dylan Wells with a rebound.
18:04 of 3rd period - Jayden Grubbe is hit by Cameron Gaunce.
18:11 of 3rd period - Icing by Adam Edstrom.
18:12 of 3rd period - Sasha Pastujov wins face-off versus John Beecher in IceHogs zone.
18:13 of 3rd period - Wrist shot by Ben King.
18:13 of 3rd period - Stopped by Cory Schneider with a rebound.
18:18 of 3rd period - Off-side.
18:19 of 3rd period - John Beecher wins face-off versus Filip Hallander in neutral zone.
18:26 of 3rd period - Mackie Samoskevich is hit by Grigori Denisenko and loses puck.
18:35 of 3rd period - Snap shot by Andrew Agozzino.
18:35 of 3rd period - Stopped by Dylan Wells with a rebound.
18:37 of 3rd period - Snap shot by Grigori Denisenko.
18:37 of 3rd period - Shot Misses the Net.
18:49 of 3rd period - Snap shot by Grigori Denisenko.
18:49 of 3rd period - Shot Misses the Net.
18:55 of 3rd period - Backhand shot by Filip Hallander.
18:55 of 3rd period - Stopped by Cory Schneider without a rebound.
18:56 of 3rd period - Mavrik Bourque wins face-off versus Adam Fantilli in IceHogs zone.
19:12 of 3rd period - Icing by Keaton Middleton.
19:13 of 3rd period - Jean-Sébastien Dea wins face-off versus Adam Fantilli in Heat zone.
19:26 of 3rd period - Henry Thrun is hit by Jean-Sébastien Dea and loses puck.
19:48 of 3rd period - Slapshot by Olen Zellweger.
19:48 of 3rd period - Stopped by Cory Schneider without a rebound.
19:49 of 3rd period - Mavrik Bourque wins face-off versus Filip Hallander in IceHogs zone.
19:49 of 3rd period - Mavrik Bourque is hit by Mackie Samoskevich.
19:59 of 3rd period - Wrist shot by Hudson Elynuik.
19:59 of 3rd period - Goal by Hudson Elynuik - Heat : 4 - IceHogs : 6.
Goals for this period are 2 for Heat vs 1 for IceHogs.
Shots for this period are 10 for Heat vs 11 for IceHogs.